 Dungeon Crawl Stone Soup version 0.28-a0-1506-g3893175d92 (webtiles) character file.

Game seed: 18048423693611656422

8 AigisTheKnight the Magician (level 2, 16/19 HPs)
             Began as a Demonspawn Hedge Wizard on Jan 14, 2022.
             Quit the game on level 1 of the Dungeon.
             The game lasted 00:00:38 (272 turns).

AigisTheKnight the Magician (DsWz)                   Turns: 272, Time: 00:00:39

Health: 16/19      AC:  3    Str: 10    XL:     2   Next: 0%
Magic:  0/6        EV: 11    Int: 15    God:
Gold:   0          SH:  0    Dex: 12    Spells: 6/7 levels left

rFire   . . .      SeeInvis .   a - +0 dagger
rCold   . . .      Faith    .   (no shield)
rNeg    . . .      Spirit   .   d - +0 leather armour
rPois   .          Reflect  .   c - +0 hat
rElec   .          Harm     .   (no cloak)
rCorr   .          Rampage  .   (no gloves)
Will    .....                   (no boots)
Stlth   ++........              (no amulet)
HPRegen 0.06/turn               (no ring)
MPRegen 0.10/turn               (no ring)

@: very slightly contaminated
A: demonic touch 1
a: no special abilities


You were on level 1 of the Dungeon.
You visited 1 branch of the dungeon, and saw 1 of its levels.

Inventory:

Hand Weapons
 a - a +0 dagger (weapon)
Armour
 b - a +0 robe
 c - a +0 hat (worn)
 d - a +0 leather armour (worn)
Potions
 e - a potion of cancellation {unknown}


   Skills:
 + Level 1.9 Dodging
 + Level 1.9 Stealth
 + Level 3.0 Spellcasting
 + Level 1.3 Conjurations
 + Level 1.1 Summonings
 + Level 1.1 Translocations


You had 6 spell levels left.
You knew the following spells:

 Your Spells              Type           Power      Damage    Failure   Level
a - Magic Dart            Conj           24%        1d4       16%         1

Your spell library contained the following spells:

 Spells                   Type           Power      Damage    Failure   Level
 Slow                     Hex            8%         N/A       26%         1
 Blink                    Tloc           10%        N/A       26%         2
 Call Imp                 Summ           5%         N/A       26%         2
 Conjure Flame            Conj/Fire      4%         6-21      54%         3
 Mephitic Cloud           Conj/Pois/Air  3%         N/A       56%         3


Dungeon Overview and Level Annotations

Branches:
Dungeon (1/15)

Altars:


Innate Abilities, Weirdness & Mutations

Your touch may inflict minor irresistible damage on your foes.


Message History

Aim: a goblin, wielding a +0 dagger (100% to hit)
You miscast Magic Dart.
You are very lightly contaminated with residual magic.
Nothing appears to happen.
Unknown command.
You miss the goblin. The goblin hits you but does no damage.
You barely miss the goblin. The goblin hits you with a +0 dagger.
You hit the goblin.
The goblin is severely wounded.
The rat twitches its whiskers.
The goblin barely misses you.
You hit the goblin but do no damage.
The goblin is severely wounded.
The goblin barely misses you.
You closely miss the goblin.
The goblin is severely wounded.
The goblin barely misses you.
Your magical contamination has completely faded away.
You hit the goblin.
You kill the goblin!
You barely miss the kobold. The kobold hits you with a +0 club.
You hit the kobold.
The kobold is moderately wounded.
The kobold closely misses you.
Casting: Magic Dart (safe; 17% risk of failure)
Confirm with . or Enter, or press ? or * to list all spells.
Aiming: Magic Dart (safe; 17% risk of failure)
Press: ? - help, Shift-Dir - straight line, f - kobold
Aim: a kobold, wielding a +0 club (moderately wounded, 100% to hit)
You miscast Magic Dart.
You are very lightly contaminated with residual magic.
Nothing appears to happen.
The kobold barely misses you.
Unknown command.
You hit the kobold.
You kill the kobold!
A goblin comes into view.
It is wielding a +0 club and quivering poisoned darts.
You have reached level 2!
Your demonic ancestry asserts itself...
Your hands begin to faintly glow with unholy energy.
Are you sure you want to abandon this character and quit the game? (Confirm with "yes".)

### #.# ####.### ## #......#
#.)## #.####.# #....#
#####.##...#
.?8?..############......#.#######
#.........r@.......+........
#.(#†g.....##.......#........
#..#.#####.##.......#........
......# #.##..##...#..#...†.
######.# #...........####.### ..#
#######......)..## ..+
#.........# ...# #≈♣ ♣.........♣
#≈≈♣♣...♣....♣♣


You could see a goblin (wandering) and a rat.

Vanquished Creatures
  A ball python (D:1)
  2 goblins (D:1)
  A kobold (D:1)
  A quokka (D:1)
  A bat (D:1)
  A rat (D:1)
7 creatures vanquished.

Notes
Turn   | Place    | Note
-------+----------+-------------------------------------------
     0 | D:1      | AigisTheKnight the Demonspawn Hedge Wizard began the quest
                  | for the Orb.
     0 | D:1      | Reached XP level 1. HP: 13/13 MP: 4/4
   249 | D:1      | Reached skill level 1 in Translocations
   272 | D:1      | Gained mutation: Your touch may inflict minor irresistible
                  | damage on your foes. [demonic ancestry]
   272 | D:1      | Reached XP level 2. HP: 16/19 MP: 0/6
   272 | D:1      | Quit the game

Illustrated notes

Levels and vault maps discovered:
D:1:      lemuel_arrival_river_ford, layout_basic, minmay_pentomino_z4

Skill      XL: |  1 |
---------------+----+-----
Translocations | 1 |  1.1
Dodging        | |  1.9
Stealth        | |  1.9
Spellcasting   | |  3.0
Conjurations   | |  1.3
Summonings     | |  1.1

Action                   || total
-------------------------++-------
Melee: Dagger            ||    16
 Cast: Magic Dart        ||     6
Armor: Robe              ||     3
       Leather armour    ||     1
Dodge: Dodged            ||    12

Table legend: (Time is in decaauts)
 A = Elapsed time spent in this place.
 B = Non-inter-level travel time spent in this place.
 C = Inter-level travel time spent in this place.
 D = Time resting spent in this place.
 E = Time spent auto-exploring this place.
 F = Levels seen in this place.
 G = Mean time per level.
                   A        B        C        D        E       F      G
               +--------+--------+--------+--------+--------+-----+--------+
         Total |    273 |    273 |      0 |      0 |    207 |   1 |  273.0 |
       Dungeon |    273 |    273 |      0 |      0 |    207 |   1 |  273.0 |
               +--------+--------+--------+--------+--------+-----+--------+

Top non-repeatable levels by time:
     D:1: 273 daAuts
